 Dungeon Crawl Stone Soup version 0.23-a0-139-ga22e90c (webtiles) character file.

189 Amnesiac the Skirmisher (level 5, 0/57 HPs)
             Began as an Ogre Monk on Aug 31, 2018.
             Was a Believer of Okawaru.
             Slain by a gnoll
             ... wielding a +0 club
              (3 damage)
             ... on level 2 of the Dungeon.
             The game lasted 00:02:17 (1769 turns).

Amnesiac the Skirmisher (Ogre Monk)                 Turns: 1769, Time: 00:02:18

Health: 0/57       AC: 10    Str: 16    XL:     5   Next: 68%
Magic:  3/5        EV: 13    Int: 11    God:    Okawaru [**....]
Gold:   149        SH:  0    Dex: 11    Spells: 4/4 levels left

rFire    . . .     SeeInvis .   i - +0 mace (protect)
rCold    . . .     Gourm    .   (no shield)
rNeg     . . .     Faith    .   b - +0 robe
rPois    .         Spirit   .   (helmet restricted)
rElec    .         Reflect  .   (no cloak)
rCorr    .         Harm     .   (gloves unavailable)
MR       .....                  (boots unavailable)
Stlth    +++.......             (no amulet)
HPRegen  0.19/turn              (no ring)
MPRegen  0.09/turn              (no ring)

@: heroism, protection aura
A: large, unfitting armour, tough skin 1
a: Heroism, Renounce Religion


You were on level 2 of the Dungeon.
You worshipped Okawaru.
Okawaru was pleased with you.
You were not hungry.

You visited 1 branch of the dungeon, and saw 2 of its levels.

You collected 149 gold pieces.

Inventory:

Hand Weapons
 i - a +0 mace of protection (weapon)
Armour
 b - a +0 robe (worn)
Scrolls
 e - a scroll of identify {!r, unknown}
 f - a scroll of enchant weapon {!r, unknown}
 g - a scroll of enchant armour {!r, unknown}
 h - 4 scrolls of remove curse {!r, unknown}
 j - a scroll of blinking {!r, unknown}
 k - a scroll of amnesia {!r, unknown}
Potions
 a - a potion of experience {!q, unknown}
 l - 2 potions of brilliance {!q, unknown}
 m - a potion of curing {!q, unknown}
Comestibles
 c - a ration
 d - 6 chunks of flesh


   Skills:
 + Level 5.1(10.1) Fighting
 * Level 5.0(10.0) Maces & Flails
 - Level 2.6(7.6) Dodging
 - Level 1.4(6.4) Stealth
 + Level 0.9 Invocations


You had 4 spell levels left.
You didn't know any spells.
Your spell library was empty.

Dungeon Overview and Level Annotations

Branches:
Dungeon (2/15)

Altars:
Fedhas
Kikubaaqudgha
Okawaru
Zin


Innate Abilities, Weirdness & Mutations

You are too large for most types of armour.
You have tough skin. (AC +1)


Message History

You hit the gnoll but do no damage.
The gnoll is moderately wounded.
The gnoll hits you with a halberd. The gnoll completely misses you.
You hit the gnoll but do no damage.
The gnoll is moderately wounded.
The gnoll misses you. The gnoll barely misses you. x2
You hit the gnoll.
The gnoll is heavily wounded.
The gnoll hits you with a club.
* * * LOW HITPOINT WARNING * * *
The gnoll hits you from afar with a spear.
* * * LOW HITPOINT WARNING * * *
The gnoll barely misses you. The gnoll hits you but does no damage.
The gnoll barely misses you.
You barely miss the gnoll.
The gnoll is heavily wounded.
The gnoll barely misses you.
The gnoll hits you but does no damage. x2
You barely miss the gnoll.
The gnoll is heavily wounded.
The gnoll barely misses you.
The gnoll hits you from afar with a spear.
* * * LOW HITPOINT WARNING * * *
The gnoll hits you but does no damage.
You barely miss the gnoll.
The gnoll is heavily wounded.
The gnoll completely misses you. The gnoll barely misses you.
The gnoll hits you with a club.
* * * LOW HITPOINT WARNING * * *
You closely miss the gnoll.
The gnoll is heavily wounded.
The gnoll barely misses you.
The gnoll hits you but does no damage. x2
You closely miss the gnoll.
The gnoll is heavily wounded.
The gnoll closely misses you. The gnoll hits you with a halberd!
* * * LOW HITPOINT WARNING * * *
A dart slug comes into view.
The gnoll hits you but does no damage.
You barely miss the gnoll.
The gnoll is heavily wounded.
The gnoll closely misses you. The gnoll barely misses you.
The gnoll hits you with a club.
* * * LOW HITPOINT WARNING * * *
You hit the gnoll.
Your weapon exudes an aura of protection.
The gnoll is almost dead.
The gnoll hits you but does no damage. The gnoll closely misses you.
The gnoll hits you but does no damage. The dart slug launches a dart at you.
The slug dart hits you! The gnoll misses you.
Unknown command.
You gain the combat prowess of a mighty hero.
The gnoll hits you but does no damage. The gnoll barely misses you.
The gnoll closely misses you.
You sock the gnoll!
You kill the gnoll!
Okawaru accepts your kill. The gnoll closely misses you.
The gnoll closely misses you.
Things that are here:
a halberd; a club; a hobgoblin corpse You hit the gnoll.
The gnoll is lightly wounded.
The gnoll hits you with a club.
You die...

####......#######'## .# .
...#......# #......##.##..
...###.(.####............!
...###...#................
.......#.#.....†....w.....
.......#........g.........
.#.....##......g..........
####...##....####g###.....
.#.........#†...@.# ....
.#.(.##...........# ...
_#_..#............# ..
######............# .
_#_..#.....#......#
.#...#........###.###+
.#...................+
####..........###...##
...............##...# .


You could see a gnoll and a dart slug.

Vanquished Creatures
  A bullfrog zombie (D:2)
  Jessica (D:2)
  An adder (D:2)
  6 gnolls
  An ooze (D:2)
  2 worms (D:2)
  2 dart slugs (D:2)
  2 ball pythons
  5 bats
  5 goblins
  9 hobgoblins
  4 jackals (D:2)
  A quokka (D:2)
  7 kobolds
  4 rats
51 creatures vanquished.

Notes
Turn   | Place    | Note
-------+----------+-------------------------------------------
     0 | D:1      | Amnesiac the Ogre Monk began the quest for the Orb.
     0 | D:1      | Reached XP level 1. HP: 24/24 MP: 1/1
   123 | D:1      | Reached XP level 2. HP: 21/32 MP: 2/2
   413 | D:1      | Reached XP level 3. HP: 29/39 MP: 3/3
  1069 | D:2      | Reached XP level 4. HP: 30/48 MP: 4/4
  1364 | D:2      | Found an ancient bone altar of Kikubaaqudgha.
  1372 | D:2      | Found an iron altar of Okawaru.
  1376 | D:2      | Became a worshipper of Warmaster Okawaru
  1376 | D:2      | Reached * piety under Okawaru
  1376 | D:2      | Reached ** piety under Okawaru
  1500 | D:2      | Reached XP level 5. HP: 55/55 MP: 5/5
  1606 | D:2      | Found a blossoming altar of Fedhas.
  1631 | D:2      | Found a glowing silver altar of Zin.
  1643 | D:2      | Noticed Jessica
  1651 | D:2      | Killed Jessica
  1651 | D:2      | Reached skill level 5 in Fighting
  1651 | D:2      | Reached skill level 5 in Maces & Flails
  1763 | D:2      | HP: 2/57 [gnoll/club (4)]
  1769 | D:2      | Slain by a gnoll

Vault maps used:
D:1:      minmay_arrival_nine_rooms
D:2:      nicolae_overflow_quartered_altars, uniq_jessica

Skill      XL: |  1  2  3  4  5 |
---------------+----------------+-----
Maces & Flails | 3 4 5 |  5.0
Fighting       | 5 |  5.1
Dodging        | |  2.6
Stealth        | |  1.4
Invocations    | |  0.9

Action                   |  1- 3 |  4- 6 || total
-------------------------+-------+-------++-------
Melee: Mace              |    54 |   125 ||   179
       Whip              |    18 |       ||    18
Invok: Heroism           |       |     1 ||     1
  Eat: Chunk             |     1 |     2 ||     3
Armor: Robe              |    31 |    86 ||   117
Dodge: Dodged            |    49 |   119 ||   168

Table legend:
 A = Non-vault XP
 B = Vault XP
 C = Vault XP percentage of total XP
 D = Non-vault monster count
 E = Vault monster count
 F = Vault count percentage of total count
                 A         B        C        D         E       F
            +---------+---------+-------+---------+---------+-------
      Total |     233 |      37 |  13.7 |      50 |       1 |   2.0
            +---------+---------+-------+---------+---------+-------
        D:1 |      68 |       0 |   0.0 |      18 |       0 |   0.0
        D:2 |     165 |      37 |  18.3 |      32 |       1 |   3.0
            +---------+---------+-------+---------+---------+-------
